Cogmind - Beta 15 @@@ ROGUE MODE // 2025.05.12 @ 21:46:39 Player: Arzon Result: Destroyed self via exploding Fusion Modulator Performance ------------- Evolutions (0) 0 Regions Visited (1) 200 Robots Destroyed (22) 110 Value Destroyed (632) 632 Prototype IDs (0) 0 Alien Tech Used (0) 0 Bonus (0) 0 TOTAL SCORE: 942 Bonus ------- None Cogmind --------- Core Integrity 0/250 Matter 268/300 Energy 160/160 System Corruption 0% Temperature Warm (107) Movement Core (550) Ox10 Location -10/Materials Parts ------- > --- POWER (1) -------- Light Nuclear Core > --- PROPULSION (2) --- (None) > --- UTILITY (2) ------ Large Storage Unit Signal Interpreter > --- WEAPON (2) ------- Particle Gun Particle Gun > --- INVENTORY (15) --- Ion Engine Ion Engine Light Ion Engine Light Treads Light Treads Light Treads Light Treads Heat Sink Small Storage Unit Particle Gun Grenade Launcher Peak State ------------ > --- POWER ------------ Light Nuclear Core > --- PROPULSION ------- Light Treads Light Treads > --- UTILITY ---------- Large Storage Unit Signal Interpreter > --- WEAPON ----------- Particle Gun Particle Gun > --- INVENTORY -------- Ion Engine Ion Engine Light Ion Engine Light Treads Light Treads Light Treads Light Treads Heat Sink Small Storage Unit Particle Gun Grenade Launcher [Rating: 12] Favorites ----------- Power Light Nuclear Core Engine Light Ion Engine Power Core Light Nuclear Core Propulsion Light Treads Treads Light Treads Utility Large Storage Unit Storage Large Storage Unit Processor Signal Interpreter Weapon Particle Gun Energy Gun Particle Gun Ballistic Gun Assault Rifle Launcher Grenade Launcher Build | -11 -10 ------- Run | Yrd Mat Slots Evolved . | . . Power . | . . Propulsion . | . . Utility . | . . Weapon . | . . Parts Attached 13 | 6 7 Power 2 | 1 1 Engine 1 | 1 . Core 1 | . 1 Reactor . | . . Propulsion 2 | 2 . Treads 2 | 2 . Leg . | . . Wheel . | . . Hover . | . . Flight . | . . Utility 3 | 1 2 Device . | . . Storage 2 | 1 1 Processor 1 | . 1 Hackware . | . . Protection . | . . Artifact . | . . Weapon 6 | 2 4 Energy Gun 3 | . 3 Energy Cannon . | . . Ballistic Gun 2 | 2 . Ballistic Cannon . | . . Launcher 1 | . 1 Special Weapon . | . . Impact Weapon . | . . Slashing Weapon . | . . Piercing Weapon . | . . Special Melee Weapon . | . . Unidentified Prototypes . | . . Parts Lost 4 | . 4 Power . | . . Propulsion 2 | . 2 Utility . | . . Weapon 2 | . 2 Highest Loss Streak 2 | . 2 To Critical Strikes . | . . Average Backups 8 | . 8 Power 2 | . 2 Propulsion 2 | . 2 Utility 1 | . 1 Weapon 1 | . 1 Tool/Special . | . . Unused Backups 9 | . 9 Power 3 | . 3 Propulsion 4 | . 4 Utility 1 | . 1 Weapon 1 | . 1 Tool/Special . | . . Average Slot Usage (%) 96 | . 96 Engine 3 | . 3 Core 10 | . 10 Treads 27 | . 27 Storage 14 | . 14 Processor 11 | . 11 Energy Gun 16 | . 16 Ballistic Gun 11 | . 11 Peak Build Rating 12 | 6 12 Average Rating 9 | 4 10 On Entrance 3 | . 6 Naked Turns . | . . Heaviest Build 31 | 12 31 Greatest Support 40 | 40 40 Greatest Overweight (x) 1 | . 1 Average Overweight (x) . | . . Largest Inventory Capacity 15 | 8 15 Average Capacity 14 | 7 14 Most Carried 12 | 1 12 Average Carried 8 | . 8 Final Capacity 15 | 8 15 Final Carried 11 | 1 11 Class Distribution -------------------- 100% | Mutant Dominant Class ---------------- Mutant | -10/Materials Resources | -11 -10 ----------- Run | Yrd Mat Matter Collected 528 | 241 287 Remotely . | . . Salvage Created 808 | . 808 Parts 43 | . 43 Haulers Intercepted 2 | . 2 Recyclers Shooed 1 | . 1 Parts Field Recycled . | . . Retrieved Matter . | . . Parts Self-Destructed . | . . Prevented . | . . Kills | -11 -10 ------- Run | Yrd Mat Combat Hostiles Destroyed 15 | . 15 Guns 11 | . 11 AOE 4 | . 4 Classes Destroyed 6 | . 6 Builder 1 | . 1 Hauler 2 | . 2 Recycler 2 | . 2 Operator 1 | . 1 Watcher 1 | . 1 Grunt 15 | . 15 Best Kill Streak 6 | . 6 Combat Bots Only 5 | . 5 Max Kills in Single Turn 4 | . 4 Gunslinging . | . . Exploded 3 | . 3 Melee . | . . Uniques/NPCs Destroyed . | . . Combat | -11 -10 -------- Run | Yrd Mat Hostile Shots Fired 100 | . 100 Missed 23 | . 23 Hits 77 | . 77 Projectile 77 | . 77 Critical Strikes 1 | . 1 Damage Taken 1049 | . 1049 Core 305 | . 305 Absorbed by Shields . | . . Regen/Repaired (Parts) 118 | . 118 Core Remaining (%) 100 | 100 . Volleys Fired 64 | . 64 Largest 2 | . 2 Hottest 130 | . 130 Shots Fired 116 | . 116 Gun 113 | . 113 Cannon . | . . Launcher 3 | . 3 Special . | . . Kinetic 60 | . 60 Thermal 53 | . 53 Explosive 3 | . 3 Electromagnetic . | . . Robot Hit Streak 7 | . 7 Robot Miss Streak 3 | . 3 Penetration Max . | . . Secondary Targets 2 | . 2 Max Gunslinging Chain 1 | . 1 Shots Hit Robots 69 | . 69 Core Hits 34 | . 34 Critical Kills . | . . Critical Parts Destroyed . | . . Critical Strikes 1 | . 1 Burn 1 | . 1 Melee Attacks . | . . Impact . | . . Slashing . | . . Piercing . | . . Sneak Attacks . | . . Combat Hostiles . | . . Follow-up Attacks . | . . Damage Inflicted 1235 | . 1235 Guns 960 | . 960 Cannons . | . . Explosions 271 | . 271 Melee . | . . Ramming 4 | . 4 Kinetic 501 | . 501 Thermal 459 | . 459 Explosive 271 | . 271 Electromagnetic . | . . Impact . | . . Slashing . | . . Piercing . | . . Highest Corruption . | . . Average Corruption . | . . Corruption Purged . | . . Corruption Blocked . | . . Overload Shots . | . . Overflow Damage 72 | . 72 Projectiles . | . . Explosions 72 | . 72 Melee . | . . Knockbacks . | . . Impact . | . . Kinetic . | . . Secondary . | . . Self-Inflicted Damage 140 | . 140 Shots 2 | . 2 Rammed 1 | . 1 Targets Rammed 1 | . 1 Kicked . | . . Crushed . | . . Highest Temperature 330 | . 330 Average Temperature 90 | . 90 Received Heat Transfer 534 | . 534 Effects 2 | . 2 Interference 2 | . 2 Siege Activations . | . . Martial Activations . | . . Shielding Activations . | . . Robots Disrupted . | . . Combat Hostiles . | . . Robots Corrupted . | . . Combat Hostiles . | . . Parts Fried . | . . Impact Corruptions . | . . Robots Melted . | . . Combat Hostiles . | . . Parts Melted 2 | . 2 Heat Transferred 1184 | . 1184 Parts Sabotaged . | . . Parts Stolen . | . . Parts Stripped . | . . Power Chain Reactions . | . . Alert | -11 -10 ------- Run | Yrd Mat Maximum Alert Level . | . . Low Security (%) 100 | 100 100 Level 1 . | . . Level 2 . | . . Level 3 . | . . Level 4 . | . . Level 5 . | . . High Security . | . . Max Security . | . . Peak Influence 159 | . 159 Initial . | . . Average 22 | . 23 Influence Increases 481 | . 481 Destroy 0b10 Robot/C 300 | . 300 Destroy 0b10 Robot/NC 35 | . 35 Destroy Leader 66 | . 66 Successful Hack 14 | . 14 Disable Machine 45 | . 45 Destroy Structure 21 | . 21 Influence Decreases 332 | . 332 Time Decay 292 | . 292 Lost Part 40 | . 40 Squads Dispatched 3 | . 3 Investigation 2 | . 2 Extermination . | . . Reinforcement 1 | . 1 Assault . | . . Garrison . | . . Intercept . | . . Searches Triggered . | . . Construction Impeded . | . . Haulers Reinforced . | . . Active Scanning Responses . | . . Cargo Convoy Interrupts . | . . Stealth | -11 -10 --------- Run | Yrd Mat Distress Signals . | . . Communications Jammed . | . . Distress Signals . | . . Times Spotted 21 | . 21 Peak Tracking Total 6 | . 6 Tactical Retreats . | . . Traps | -11 -10 ------- Run | Yrd Mat Traps Triggered 1 | . 1 Indirectly . | . . Trap Hack Attempts . | . . Triggered . | . . Disarmed . | . . Reprogrammed . | . . Reused . | . . Traps Extracted . | . . Installed . | . . Triggered . | . . Machines | -11 -10 ---------- Run | Yrd Mat Machines Disabled 3 | . 3 Max in Single Turn 1 | . 1 Machines Repaired . | . . Machines Dismantled . | . . Machines Sabotaged . | . . Overloaded Fab Kills . | . . Hacking | -11 -10 --------- Run | Yrd Mat Machines Accessed 5 | . 5 Terminals 4 | . 4 Fabricators . | . . Repair Stations 1 | . 1 Recycling Units . | . . Scanalyzers . | . . Garrison Access . | . . Total Hacks 10 | . 10 Successful 5 | . 5 Failed 5 | . 5 Catastrophic 1 | . 1 Database Lockouts . | . . Manual 1 | . 1 Terminals 6 | . 6 Fabricators . | . . Repair Stations 4 | . 4 Recycling Units . | . . Scanalyzers . | . . Garrison Access . | . . Terminal Hacks 2 | . 2 Branch Access Points 1 | . 1 Locate Traps 1 | . 1 Fabricator Hacks . | . . Repair Station Hacks 3 | . 3 Scan Component 2 | . 2 Repair 1 | . 1 Recycling Unit Hacks . | . . Scanalyzer . | . . Garrison Access Hacks . | . . Unauthorized Hacks . | . . Terminals . | . . Fabricators . | . . Repair Stations . | . . Recycling Units . | . . Scanalyzers . | . . Garrison Access . | . . Data Cores Recovered . | . . Used . | . . Hacking Detections 3 | . 3 Full Trace Events 1 | . 1 Feedback Events . | . . Feedback Blocked . | . . Robot Schematics Acquired . | . . Robots Built . | . . Authchips . | . . Time . | . . Total Robot Build Rating . | . . Part Schematics Acquired . | . . Parts Built . | . . Authchips . | . . Time . | . . Total Part Build Rating . | . . Parts Repaired 1 | . 1 Time 26 | . 26 Parts Recycled . | . . Recycled Matter . | . . Retrieved Matter . | . . Retrieved Components . | . . Parts Scanalyzed . | . . Part Schematics Acquired . | . . Parts Damaged . | . . Bothacking | -11 -10 ------------ Run | Yrd Mat Used RIF Installer . | . . Robots Hacked . | . . Non-combat . | . . Combat . | . . Robot Hacks Applied . | . . Relay Couplers Released . | . . Fabnet Peak Effective % . | . . Robots Rewired . | . . Allies Hacked . | . . Hacks Repelled . | . . Allies | -11 -10 -------- Run | Yrd Mat Total Allies . | . . Largest Group . | . . Highest-Rated Group . | . . Highest-Rated Ally . | . . Total Orders . | . . Ally Attacks . | . . Total Damage . | . . Kills . | . . Allies Corrupted . | . . Allies Melted . | . . Intel | -11 -10 ------- Run | Yrd Mat Active Infowar (turns) . | . . Robot Analysis Total . | . . Derelict Logs Recovered . | . . Drone Launches . | . . Drone Recoveries . | . . Exploration | -11 -10 ------------- Run | Yrd Mat Turns Passed 1039 | 61 978 Spaces Moved 479 | 34 445 Core 2 | 2 . Treads 477 | 32 445 Legs . | . . Wheels . | . . Hover . | . . Flight . | . . Fastest Speed 50 | 50 160 Average Speed 159 | 153 160 Slowest Speed 240 | 160 240 Overloaded Moves . | . . Propulsion Burnouts . | . . Robots Hopped . | . . Potential Cave-ins . | . . Cave-ins Triggered . | . . Exploration Rate (%) 37 | 4 70 Regions Visited 1 Branch Regions . Pre-discovered Areas . | . . Known Exits Taken . | . . Unknown Exits Taken 1 | 1 . Scrap Searched . | . . Spaces Dug . | . . Terrain Destroyed 20 | . 20 Melee . | . . Projectile . | . . AOE 20 | . 20 Terrain Rammed . | . . Walls Destroyed . | . . Machines Disabled . | . . Actions | -11 -10 --------- Run | Yrd Mat Total 629 | 40 589 Wait 53 | . 53 Move 478 | 33 445 Hop . | . . Pick Up 12 | 1 11 Fast Attach 11 | 6 5 Attach 1 | . 1 Detach 2 | . 2 Swap 5 | . 5 Drop 2 | . 2 Fire 64 | . 64 Melee . | . . Ram . | . . Kick . | . . Crush 1 | . 1 Escape Stasis . | . . Rewire . | . . Trap . | . . Miscellaneous . | . . Route ------- -11/Scrapyard -10/Materials (discovered 2 exits: *Mat / *Min) History --------- Turn | Location | Event 22 | -11/Scrapyard | Discovered new exit (range 16) 62 | -11/Scrapyard | Entered Materials 311 | -10/Materials | Build established: Mutant 352 | -10/Materials | Discovered new exit (range 11) 366 | -10/Materials | Identified exit to Mines 472 | -10/Materials | Core integrity fell below 50% 626 | -10/Materials | Repaired Lgt. Treads 699 | -10/Materials | Discovered new exit (range 8) 726 | -10/Materials | Identified exit to Materials 1009 | -10/Materials | Core integrity fell below 20% 1040 | -10/Materials | Destroyed self via exploding Fusion Modulator Last Messages --------------- Overheating: System interference. Particle Gun temporarily disabled. Slammed into G-34 Mercenary. U-05 Engineer works on Atomic Centrifuge. K-01 Serf cleans the Material Compactor. U-05 Engineer works on Atomic Centrifuge. G-34 Mercenary destroyed. U-05 Engineer destroyed. Atomic Centrifuge disabled. G-34 Mercenary destroyed. Lgt. Treads destroyed. G-34 Mercenary destroyed. K-01 Serf collects debris. G-34 Mercenary destroyed. K-01 Serf collects debris. Acquired 8 matter. K-01 Serf cleans the Material Compactor. Fusion Modulator explodes. Lgt. Treads destroyed. Destroyed Lgt. Treads. Map ----- +----------------------------------------------------+ | | | | | | | ?????????????????????????????????????????????????? | | ?????????????????????????????????????????????????? | | ?????????????????????????????????????????????????? | | ?????????????????????????????????????????????????? | | ?????????????????????????????????????????????????? | | ?????????????????????????????????????????????????? | | ?????????????????????????????????????????????????? | | ??????????????????????????#####????????????????]?? | | ????????????????????????###"""#??????????????? ]?? | | ??????????????#+#########T#"T"######+######### ??? | | ????????????? !%= ??? | | ????????????? ???? | | ???????????? !!! ????? | | ?????????????# !!! """ """ #????? | | ?????????????# !! """"" """"" #????? | | ?????????????# """"" """"" #????? | | ?????????????# """"" """"" ##???? | | ????????????? """ """ #???? | | ????????????? ] k #???? | | ?????????????? #???? | | ??????????????#+###### ######T# ##???? | | ?????????????????????## %=%% #?### #????? | | ?????????????????????# @ % %! #???# #????? | | ?????????????????????# % " #???# #????? | | ?????????????????????# [ """ #???# #????? | | ?????????????????????## """ #???# #????? | | ??????????????????????# #???# ###### | | ????????????????????#################???# # """ | | ????????????????????# #??########### # """ | | ????????????????????# #??# # # """ | | ????????????????????# #??# """^# # | | ????????????????????# "Y" #??# % "Y" / + | | ????????????????????# """ #??# # # ! | | ????????????????????# ##############% ###### | | ????????#################+## ##### ##### | | ????????# # # | | ????????# """ * + > T # | | ????????# """ # # | | ????????# """ # #######" "##### # | | ????????# """ # #?????#" !"| "#???## ## | | ????????# """ = # #?????#"""""""#????# #?# | | ????????# % # #??############????# %#?# | | ????????# = # #??# #??????# ### | | ????????# %= #% #??# " """ #??##### ### | | ##############+### #??# T """ #?##! % ##= | | [ ! #### " """ #?#! = | | + #?# | +----------------------------------------------------+ Best States ------------- Heat Dissipation 25 Energy Generation 14 Energy Capacity 160 Matter Stores 300 Matter Capacity 300 Sight Range 16 Terrain Scan Density 10 Evasion (%) 40 Recoil Reduction 2 Item Schematics ----------------- None Robot Schematics ------------------ None Fabricated ------------ Nothing Repaired ---------- Lgt. Treads | 15% | -10/Materials Alien Tech Used ----------------- None Achievements -------------- None Challenges ------------ None Game ------ Seed JunkWaveChargecaster Manual? 0 Play Time 00:10:25 Cumulative 23.7 hours Start 2025.05.12 @ 21:37:03 End 2025.05.12 @ 21:46:39 Sessions 1 Manual Loads 0 Difficulty Rogue Special Mode None Game No. 25 Rogue 25 Adventurer 0 Explorer 0 Win Type - Total 0 Types 0/0/0/0/0/0/0/0/0/0 Lore% 21 Gallery% 17 Achievement% 20 Wizard Run 0 Options --------- Layout 1 ASCII 0 Keyboard 0 Movement Mouse Keybinds 0 Fullscreen 2 Font 48/Smallcaps Map View 50x35 Zoom Use 0% Tactical HUD 0 Map Filters NONE Filters NONE Steam 1 RUN: 634dfc6b-df29-4d69-bc1c-4c7a94f43b81